Cogmind - Beta 13 *** ADVENTURER MODE // 2024.04.17 @ 05:57:56 Player: blackdogzx Result: Destroyed by 97-3GR(R) with Subdweller Beam Cannon Performance ------------- Evolutions (0) 0 Regions Visited (2) 400 Robots Destroyed (27) 135 Value Destroyed (792) 792 Prototype IDs (2) 40 Alien Tech Used (0) 0 Bonus (0) 0 TOTAL SCORE: 1367 Bonus ------- None Cogmind --------- Core Integrity 0/250 Matter 55/300 Energy 200/200 System Corruption 0% Temperature Cool (9) Movement Core (200) Ox3 Location -10/Subcaves Parts ------- > --- POWER (1) -------- Subdweller Power Source > --- PROPULSION (2) --- (None) > --- UTILITY (2) ------ Small Storage Unit Subdweller Optics > --- WEAPON (2) ------- (None) > --- INVENTORY (8) ---- Ion Engine Structural Scanner Sensor Array Targeting Computer ECM Suite Subdweller Laser Hammer Peak State ------------ > --- POWER ------------ Subdweller Power Source > --- PROPULSION ------- Subdweller Monowheel > --- UTILITY ---------- Small Storage Unit Subdweller Optics > --- WEAPON ----------- Barrage Gun Slug Cannon > --- INVENTORY -------- Ion Engine Structural Scanner Sensor Array Targeting Computer ECM Suite Subdweller Laser Hammer [Rating: 14] Favorites ----------- Power Light Nuclear Core Engine Subdweller Power Source Power Core Light Nuclear Core Propulsion Aluminum Leg Leg Aluminum Leg Wheel Subdweller Monowheel Utility Small Storage Unit Device Subdweller Optics Storage Small Storage Unit Processor Signal Interpreter Weapon Improved Light Cannon Energy Gun Subdweller Laser Ballistic Gun Barrage Gun Ballistic Cannon Improved Light Cannon Impact Weapon Hammer Build | -11 -10 -10 ------- Run | Yrd Mat Sub Slots Evolved . | . . . Power . | . . . Propulsion . | . . . Utility . | . . . Weapon . | . . . Parts Attached 24 | 6 9 9 Power 4 | 1 2 1 Engine 2 | 1 . 1 Core 2 | . 2 . Reactor . | . . . Propulsion 3 | 2 . 1 Treads . | . . . Leg 2 | 2 . . Wheel 1 | . . 1 Hover . | . . . Flight . | . . . Utility 5 | 1 3 1 Device 3 | . 2 1 Storage 1 | 1 . . Processor 1 | . 1 . Hackware . | . . . Protection . | . . . Artifact . | . . . Weapon 12 | 2 4 6 Energy Gun 1 | . . 1 Energy Cannon . | . . . Ballistic Gun 4 | 2 . 2 Ballistic Cannon 6 | . 3 3 Launcher . | . . . Special Weapon . | . . . Impact Weapon 1 | . 1 . Slashing Weapon . | . . . Piercing Weapon . | . . . Special Melee Weapon . | . . . Unidentified Prototypes . | . . . Parts Lost 10 | . . 10 Power 1 | . . 1 Propulsion 2 | . . 2 Utility 1 | . . 1 Weapon 6 | . . 6 Highest Loss Streak 3 | . . 3 To Critical Strikes . | . . . Average Slot Usage (%) 79 | . 95 67 Engine 5 | . 2 7 Core 5 | . 11 1 Leg 13 | . 25 4 Wheel 3 | . . 5 Device 7 | . 10 5 Storage 14 | . 14 14 Processor 1 | . 1 1 Energy Gun 1 | . . 1 Ballistic Gun 6 | . 3 8 Ballistic Cannon 19 | . 22 17 Naked Turns . | . . . Heaviest Build 22 | 11 19 22 Greatest Support 20 | 20 20 20 Greatest Overweight (x) 7 | 3 1 7 Average Overweight (x) 1 | . . 2 Largest Inventory Capacity 8 | 8 8 8 Average Capacity 7 | 7 8 8 Most Carried 8 | . 8 8 Average Carried 6 | . 5 7 Final Capacity 8 | 8 8 8 Final Carried 8 | . 8 7 Class Distribution -------------------- 100% | Mutant Dominant Class ---------------- Mutant | -10/Materials Mutant | -10/Subcaves Resources | -11 -10 -10 ----------- Run | Yrd Mat Sub Matter Collected 867 | 233 242 392 Remotely . | . . . Salvage Created 461 | . 260 201 Parts 31 | . 19 12 Haulers Intercepted . | . . . Recyclers Shooed 1 | . 1 . Parts Field Recycled . | . . . Retrieved Matter . | . . . Parts Self-Destructed 15 | . . 15 Prevented . | . . . Kills | -11 -10 -10 ------- Run | Yrd Mat Sub Combat Hostiles Destroyed 23 | . 9 14 Guns 7 | . 2 5 Cannons 16 | . 7 9 Classes Destroyed 5 | . 3 2 Turret 2 | . . 2 Watcher 2 | . 2 . Swarmer 7 | . 3 4 Grunt 6 | . 6 . Subdweller 10 | . . 10 Best Kill Streak 4 | . 3 4 Combat Bots Only 4 | . 3 4 Max Kills in Single Turn 1 | . 1 1 Gunslinging . | . . . Exploded . | . . . Melee . | . . . Uniques/NPCs Destroyed . | . . . Combat | -11 -10 -10 -------- Run | Yrd Mat Sub Hostile Shots Fired 194 | . 26 168 Missed 64 | . 6 58 Damage Taken 1539 | . 176 1363 Core 255 | . . 255 Absorbed by Shields . | . . . Ignored by Resistances 452 | . 56 396 Core Remaining (%) 100 | 100 . . Volleys Fired 100 | . 22 78 Largest 2 | . 2 2 Hottest 88 | . 78 88 Shots Fired 187 | . 44 143 Gun 63 | . 10 53 Cannon 124 | . 34 90 Launcher . | . . . Special . | . . . Kinetic 182 | . 44 138 Thermal 5 | . . 5 Explosive . | . . . Electromagnetic . | . . . Robot Hit Streak 65 | . 4 65 Robot Miss Streak 4 | . 4 2 Penetration Max . | . . . Secondary Targets . | . . . Shots Hit Robots 151 | . 26 125 Core Hits 46 | . 17 29 Critical Kills . | . . . Critical Parts Destroyed 1 | . . 1 Critical Strikes 6 | . 2 4 Destroy 1 | . . 1 Blast 5 | . 2 3 Melee Attacks 28 | . 28 . Impact 28 | . 28 . Slashing . | . . . Piercing . | . . . Sneak Attacks . | . . . Combat Hostiles . | . . . Follow-up Attacks . | . . . Damage Inflicted 2864 | . 492 2372 Guns 794 | . 74 720 Cannons 2043 | . 391 1652 Explosions . | . . . Melee . | . . . Ramming 27 | . 27 . Kinetic 2739 | . 465 2274 Thermal 98 | . . 98 Explosive . | . . . Electromagnetic . | . . . Impact . | . . . Slashing . | . . . Piercing . | . . . Highest Corruption . | . . . Average Corruption . | . . . Corruption Purged . | . . . Corruption Blocked . | . . . Overload Shots . | . . . Overflow Damage 20 | . 20 . Projectiles 20 | . 20 . Explosions . | . . . Melee . | . . . Knockbacks 22 | . 9 13 Impact . | . . . Kinetic 20 | . 7 13 Secondary 2 | . 2 . Self-Inflicted Damage . | . . . Shots . | . . . Rammed . | . . . Targets Rammed 7 | . 7 . Kicked 7 | . 7 . Crushed . | . . . Highest Temperature 108 | . 108 16 Average Temperature 35 | . 43 7 Received Heat Transfer 348 | . 60 288 Siege Activations . | . . . Robots Corrupted . | . . . Combat Hostiles . | . . . Parts Fried . | . . . Impact Corruptions . | . . . Robots Melted . | . . . Combat Hostiles . | . . . Parts Melted . | . . . Heat Transferred 125 | . . 125 Parts Sabotaged . | . . . Parts Stolen . | . . . Parts Stripped . | . . . Power Chain Reactions . | . . . Alert | -11 -10 -10 ------- Run | Yrd Mat Sub Peak Influence 160 | . 160 . Initial . | . . . Average 31 | . 33 . Maximum Alert Level . | . . . Low Security (%) 100 | 100 100 . Level 1 . | . . . Level 2 . | . . . Level 3 . | . . . Level 4 . | . . . Level 5 . | . . . High Security . | . . . Max Security . | . . . Squads Dispatched . | . . . Investigation . | . . . Extermination . | . . . Reinforcement . | . . . Assault . | . . . Garrison . | . . . Intercept . | . . . Searches Triggered . | . . . Construction Impeded . | . . . Haulers Reinforced . | . . . Active Scanning Responses . | . . . Cargo Convoy Interrupts . | . . . Stealth | -11 -10 -10 --------- Run | Yrd Mat Sub Distress Signals . | . . . Communications Jammed . | . . . Distress Signals . | . . . Times Spotted 58 | . 12 46 Peak Tracking Total 3 | . 3 3 Tactical Retreats 4 | . . 4 Traps | -11 -10 -10 ------- Run | Yrd Mat Sub Traps Triggered 5 | . 5 . Indirectly . | . . . Trap Hack Attempts . | . . . Triggered . | . . . Disarmed . | . . . Reprogrammed . | . . . Reused . | . . . Traps Extracted . | . . . Installed . | . . . Triggered . | . . . Machines | -11 -10 -10 ---------- Run | Yrd Mat Sub Machines Disabled 2 | . . 2 Max in Single Turn 1 | . . 1 Machines Repaired . | . . . Machines Dismantled . | . . . Machines Sabotaged . | . . . Overloaded Fab Kills . | . . . Hacking | -11 -10 -10 --------- Run | Yrd Mat Sub Machines Accessed 3 | . 3 . Terminals 3 | . 3 . Fabricators . | . . . Repair Stations . | . . . Recycling Units . | . . . Scanalyzers . | . . . Garrison Access . | . . . Total Hacks 10 | . 10 . Successful 6 | . 6 . Failed 4 | . 4 . Catastrophic . | . . . Database Lockouts . | . . . Manual . | . . . Terminals 10 | . 10 . Fabricators . | . . . Repair Stations . | . . . Recycling Units . | . . . Scanalyzers . | . . . Garrison Access . | . . . Terminal Hacks 6 | . 6 . Record 3 | . 3 . Prototype ID Bank 1 | . 1 . Alert Level 1 | . 1 . Unreport Threat 1 | . 1 . Fabricator Hacks . | . . . Repair Station Hacks . | . . . Recycling Unit Hacks . | . . . Scanalyzer . | . . . Garrison Access Hacks . | . . . Unauthorized Hacks . | . . . Terminals . | . . . Fabricators . | . . . Repair Stations . | . . . Recycling Units . | . . . Scanalyzers . | . . . Garrison Access . | . . . Data Cores Recovered . | . . . Used . | . . . Hacking Detections 2 | . 2 . Full Trace Events 1 | . 1 . Feedback Events . | . . . Feedback Blocked . | . . . Robot Schematics Acquired . | . . . Robots Built . | . . . Authchips . | . . . Time . | . . . Total Robot Build Rating . | . . . Part Schematics Acquired . | . . . Parts Built . | . . . Authchips . | . . . Time . | . . . Total Part Build Rating . | . . . Parts Repaired . | . . . Time . | . . . Parts Recycled . | . . . Recycled Matter . | . . . Retrieved Matter . | . . . Retrieved Components . | . . . Parts Scanalyzed . | . . . Part Schematics Acquired . | . . . Parts Damaged . | . . . Bothacking | -11 -10 -10 ------------ Run | Yrd Mat Sub Used RIF Installer . | . . . Robots Hacked . | . . . Non-combat . | . . . Combat . | . . . Robot Hacks Applied . | . . . Relay Couplers Released . | . . . Fabnet Peak Effective % . | . . . Robots Rewired . | . . . Allies Hacked . | . . . Hacks Repelled . | . . . Allies | -11 -10 -10 -------- Run | Yrd Mat Sub Total Allies . | . . . Largest Group . | . . . Highest-Rated Group . | . . . Highest-Rated Ally . | . . . Total Orders . | . . . Ally Attacks . | . . . Total Damage . | . . . Kills . | . . . Allies Corrupted . | . . . Allies Melted . | . . . Intel | -11 -10 -10 ------- Run | Yrd Mat Sub Robot Analysis Total . | . . . Derelict Logs Recovered . | . . . Drone Launches . | . . . Drone Recoveries . | . . . Exploration | -11 -10 -10 ------------- Run | Yrd Mat Sub Turns Passed 2844 | 90 1173 1581 Spaces Moved 1399 | 65 776 558 Core 260 | 7 . 253 Treads . | . . . Legs 1050 | 58 776 216 Wheels 89 | . . 89 Hover . | . . . Flight . | . . . Fastest Speed 50 | 50 120 110 Average Speed 172 | 126 128 238 Slowest Speed 400 | 200 190 400 Overloaded Moves . | . . . Propulsion Burnouts . | . . . Robots Hopped . | . . . Cave-ins Triggered . | . . . Exploration Rate (%) 42 | 4 88 36 Regions Visited 2 Branch Regions 1 Pre-discovered Areas . | . . . Known Exits Taken 1 | . 1 . Unknown Exits Taken 1 | 1 . . Scrap Searched 1 | . . 1 Spaces Dug . | . . . Terrain Destroyed 4 | . . 4 Melee . | . . . Projectile 4 | . . 4 AOE . | . . . Terrain Rammed . | . . . Walls Destroyed . | . . . Machines Disabled . | . . . Actions | -11 -10 -10 --------- Run | Yrd Mat Sub Total 1605 | 70 863 672 Wait 14 | . 3 11 Move 1397 | 64 775 558 Hop . | . . . Pick Up 18 | . 10 8 Fast Attach 16 | 6 5 5 Attach 5 | . 1 4 Detach 5 | . 4 1 Swap 3 | . 3 . Drop 12 | . 5 7 Fire 100 | . 22 78 Melee 28 | . 28 . Ram . | . . . Kick 7 | . 7 . Crush . | . . . Escape Stasis . | . . . Rewire . | . . . Trap . | . . . Miscellaneous . | . . . Route ------- -11/Scrapyard -10/Materials (discovered 6 exits: [*Mat x3] / *Min x2 / *Sub) -10/Subcaves (discovered 2 exits: [*Mat] / [*Rec]) History --------- Turn | Location | Event 27 | -11/Scrapyard | Discovered new exit (range 16) 91 | -11/Scrapyard | Entered Materials 316 | -10/Materials | Build established: Mutant 376 | -10/Materials | Discovered new exit (range 11) 418 | -10/Materials | Discovered new exit (range 7) 431 | -10/Materials | Discovered new exit (range 16) 767 | -10/Materials | Discovered new exit (range 8) 880 | -10/Materials | Discovered new exit (range 15) 1007 | -10/Materials | Discovered new exit (range 16) 1125 | -10/Materials | Identified exit to Mines 1262 | -10/Materials | Identified exit to Subcaves 1264 | -10/Materials | Entered Subcaves 1486 | -10/Subcaves | A swath of the cavern ceiling suddenly collapsed 1704 | -10/Subcaves | Ambushed by Subdwellers from Twisted Machinery 1787 | -10/Subcaves | Lost 3 parts (1n2w) 1975 | -10/Subcaves | Ambushed by Subdweller buried in earth 2157 | -10/Subcaves | Core integrity fell below 50% 2239 | -10/Subcaves | Discovered new exit (range 14) 2551 | -10/Subcaves | Discovered new exit (range 10) 2569 | -10/Subcaves | Core integrity fell below 20% 2766 | -10/Subcaves | Shifting Twisted Machinery released Sub. Shrapnel Launcher 2813 | -10/Subcaves | Shifting Twisted Machinery released Battle Cannon 2845 | -10/Subcaves | Destroyed by 97-3GR(R) with Subdweller Beam Cannon Last Messages --------------- 02582_ Acquired 5 matter. 02586_ Acquired 11 matter. 02590_ Acquired 18 matter. 02598_ Acquired 20 matter. 02602_ Acquired 4 matter. 02618_ Acquired 2 matter. 02642_ Acquired 8 matter. 02646_ Acquired 2 matter. 02666_ Acquired 9 matter. 02763_ X7-BMZ(R) destroyed. Sub. Shrapnel Launcher falls loose from the Twisted Machinery. 02785_ Acquired 3 matter. 02793_ Acquired 6 matter. 02797_ Acquired 22 matter. 02805_ Acquired 6 matter. Battle Cannon falls loose from the Twisted Machinery. 02825_ 97-3GR(R) knocked back. 02827_ Slug Cannon destroyed. 02843_ Broken Sub. Monowheel destroyed. 02845_ Barrage Gun destroyed. Map ----- +----------------------------------------------------+ | ??????????????????????????#! #?# ##???????????? | | ?????????????????????????# #?# #????????????? | | ????????????????????????# #?# ####?????????? | | ??????????????????????? ##?# #?????????? | | ?????????????????????? #??# #?????????? | | ????????????????????? #### #### #?????????? | | ???????????????????? #???##### #?????????? | | ???????????????????####????????# ##?????????? | | ???????????????????????????????# ####??????????? | | ???????????????????????######### #?????????????? | | ???????????????????????#""" "## #?????????????? | | ???????????????????????#" ## #####?????????? | | ???????????????????????#" #" #?????????? | | ??????????????????????##" ##?????????? | | ??????????????????????#< #??????????? | | ??????????????????????##" # ##?????????? | | ???????????????????????#" "#### #?????????? | | ???????????????????????# ##??## #?????????? | | ???????????????????????# "#???# #?????????? | | ???????????????????????########??## ####?????????? | | ?????????????????????????????##### ##????????????? | | ?????????????????????????##### #; ##?????????????? | | ??????????????????????#### #??????????????? | | ??????????????????????#;# " #??????????????? | | ??????????????????????## "! # ##??????????????? | | ????????????????????###"]@ ###???????????????? | | ????????????????????# "" ######?????????????????? | | ???????????????????# "% #??????????????????????? | | ???????????????????# "R ??????????????????????? | | ???????????????????## """ ?????????????????????? | | ????????????????????###"" # ????????????????????? | | ??????????????????????"" ## "????????????????????? | | ??????????????????????#""#?" ???????????????????? | | ???????????????????????""???" "??????????????????? | | ????????????????????????"???## "?????????????????? | | ??????????????????????????????# ?????????????????? | | ?????????????????????????????????????????????????? | | ?????????????????????????????????????????????????? | | ?????????????????????????????????????????????????? | | ?????????????????????????????????????????????????? | | ?????????????????????????????????????????????????? | | ?????????????????????????????????????????????????? | | ?????????????????????????????????????????????????? | | ?????????????????????????????????????????????????? | | ?????????????????????????????????????????????????? | | ?????????????????????????????????????????????????? | | ?????????????????????????????????????????????????? | | ?????????????????????????????????????????????????? | | ?????????????????????????????????????????????????? | | ?????????????????????????????????????????????????? | +----------------------------------------------------+ Best States ------------- Heat Dissipation 25 Coolant Potential 50 Energy Generation 15 Energy Capacity 200 Matter Stores 300 Matter Capacity 300 Sight Range 21 Robot Scan Range 14 Terrain Scan Density 10 Resistance: KI 20 Resistance: TH 20 Resistance: EX 20 Resistance: EM 20 Resistance: I 20 Resistance: S 20 Resistance: P 20 Evasion (%) 55 Offensive Hacking 10 Item Schematics ----------------- None Robot Schematics ------------------ None Fabricated ------------ Nothing Alien Tech Used ----------------- None Achievements -------------- None Challenges ------------ None Game ------ Seed Gamma World Manual? 1 Play Time 00:24:17 Cumulative 13.0 hours Start 2024.04.17 @ 05:28:55 End 2024.04.17 @ 05:57:56 Sessions 1 Manual Loads 0 Difficulty Adventurer Special Mode None Game No. 14 Rogue 13 Adventurer 1 Explorer 0 Win Type - Total 0 Types 0/0/0/0/0/0/0/0/0 Lore% 11 Gallery% 17 Achievement% 14 Wizard Run 0 Options --------- Layout 0 ASCII 0 Keyboard 1 Movement Numpad Keybinds 0 Fullscreen 1 Font 18/SmallcapsGlow Map View 76x50 Zoom Use 36% Tactical HUD 1 Map Filters NONE Filters NONE Steam 1 RUN: 9c66d8e6-1100-486d-9b8a-0f9b47df879a